 Dungeon Crawl Stone Soup version 0.28.0-49-g6dfe1f597d (webtiles) character file.

Game seed: 1418165116799795361

270 herehavetheseflowers the Caller (level 6, -2/41 HPs)
             Began as a Barachi Summoner on May 16, 2022.
             Was an Initiate of Cheibriados.
             Slain by an iguana (14 damage)
             ... on level 5 of the Dungeon.
             The game lasted 00:27:22 (4155 turns).

herehavetheseflowers the Caller (Barachi Summoner)  Turns: 4155, Time: 00:27:22

Health: -2/41      AC:  3    Str: 13    XL:     6   Next: 22%
Magic:  5/11       EV: 12    Int: 16    God:    Cheibriados [......]
Gold:   197        SH:  0    Dex: 16    Spells: 5/11 levels left

rFire   . . .      SeeInvis .   j - +12 short sword "Spiderslayer" {vorpal, Dex+3}
rCold   . . .      Faith    .   (no shield)
rNeg    . . .      Spirit   .   g - +0 leather armour
rPois   .          Reflect  .   (no helmet)
rElec   .          Harm     .   (no cloak)
rCorr   .          Rampage  .   (no gloves)
Will    .....                   (no boots)
Stlth   ++........              (no amulet)
HPRegen 0.13/turn               (no ring)
MPRegen 0.12/turn               (no ring)

@: very slow
A: amphibious, slowness 1, strong legs 1, +LOS
a: Hop, Renounce Religion


You were on level 5 of the Dungeon.
You worshipped Cheibriados.
Cheibriados was noncommittal.
You visited 2 branches of the dungeon, and saw 6 of its levels.

You collected 197 gold pieces.

Inventory:

Hand Weapons
 e - a +2 dagger of pain
 f - a +1 short sword of speed
 j - the +12 short sword "Spiderslayer" (weapon) {vorpal, Dex+3}
   (You found it on level 2 of the Dungeon)

   It inflicts extra damage upon your enemies.
   Dex:       It affects your dexterity (+3).
Armour
 a - a +0 robe
 g - a +0 leather armour (worn)
Magical Staves
 r - a staff of conjuration
Wands
 i - a wand of flame (6) (quivered)
Scrolls
 d - a scroll of summoning
 h - 2 scrolls of teleportation {unknown}
 k - a scroll of fear {unknown}
 l - 4 scrolls of identify {unknown}
 n - a scroll of magic mapping {unknown}
 o - a scroll of silence {unknown}
 p - a scroll of acquirement {unknown}
Potions
 b - 3 potions of curing
 c - 2 potions of attraction {unknown}
 m - a potion of might {unknown}
 q - a potion of cancellation {unknown}


   Skills:
 + Level 1.6 Short Blades
 * Level 2.9 Armour
 - Level 2.1 Dodging
 - Level 1.7 Stealth
 + Level 3.3 Spellcasting
 * Level 7.1 Summonings


You had 5 spell levels left.
You knew the following spells:

 Your Spells              Type           Power      Damage    Failure   Level
a - Summon Small Mammal   Summ           100%       N/A       1%          1
b - Call Imp              Summ           25%        N/A       1%          2
c - Call Canine Familiar  Summ           25%        N/A       3%          3

Your spell library contained the following spells:

 Spells                   Type           Power      Damage    Failure   Level
 Summon Guardian Golem    Hex/Summ       14%        N/A       16%         3
 Shock                    Conj/Air       8%         1d3       22%         1
 Corpse Rot               Necr/Air       4%         N/A       34%         2
 Summon Lightning Spire   Summ/Air       14%        N/A       47%         4
 Swiftness                Air            2%         N/A       56%         3
 Airstrike                Air            1%         N/A       92%         4
 Dispel Undead            Necr           2%         3d7       92%         4
 Death Channel            Necr           1%         N/A       100%        6
 Dispersal                Tloc           1%         N/A       100%        6
 Disjunction              Tloc           1%         N/A       100%        8


Dungeon Overview and Level Annotations

Branches:
Dungeon (5/15)             Temple (1/1) D:4

Altars:
Cheibriados
Elyvilon
Nemelex Xobeh
Xom

Shops:
D:2 :


Innate Abilities, Weirdness & Mutations

You are amphibious.
You cover ground slowly.
You can hop short distances.
You have an extended range of vision and can be seen from far away.


Message History

r - Retreat! s - Stop attacking. g - Guard the area. f - Follow me.
Anything else - Cancel.
Gang up on whom?
Press: ? - help, Dir - move target, f - iguana
Aim: an iguana (lightly wounded, ally target) Attack!
Your hound closely misses the iguana.
Your rat bites the iguana but does no damage.
Your quokka barely misses the iguana.
The orc closely misses your hound. Something misses your hound.
Your hound bites the iguana but does no damage.
The iguana completely misses your rat.
You swap places.
Something barely misses your rat.
Your crimson imp blinks!
Your quokka disappears in a puff of smoke!
Your crimson imp disappears in a puff of smoke!
Casting: Summon Small Mammal (safe; 1% risk of failure)
Confirm with . or Enter, or press ? or * to list all spells.
You hear a shout!
Your rat closely misses the iguana.
You completely miss the iguana.
The iguana is lightly wounded.
The iguana bites you.
Your hound bites the iguana.
Your rat bites the iguana but does no damage.
Your rat disappears in a puff of smoke!
Your hound bites the iguana.
The iguana bites you.
Casting: Call Canine Familiar (dangerous; 3% risk of failure)
Confirm with . or Enter, or press ? or * to list all spells.
A beastly little devil appears in a puff of flame.
Your hound closely misses the iguana.
The orc barely misses your hound. The iguana bites you!
* * * LOW HITPOINT WARNING * * *
Your hound bites the iguana but does no damage.
You feel better.
Your hound bites the iguana.
The orc hits your hound but does no damage.
The iguana bites you!
* * * LOW HITPOINT WARNING * * *
You feel better.
Your hound barely misses the iguana. x2
The iguana bites you!
You die...

..... #..o#
#...# .# #o#.#
.... ###ho.#
.#...# #ooo.##
.......##o####
.........hl#
........#5@#
........#..#
........#..#
........#..#
#.......(..#
#....#.#....
#.......#....
#### #######.
..


You could see an iguana (ally target), 2 orcs, a friendly hound (summoned) and a
friendly crimson imp (summoned).

Vanquished Creatures
  A water moccasin (D:5)
  A bullfrog skeleton (D:4)
  3 adders
  2 worms (D:2)
  3 dart slugs
  6 ball pythons
  2 bats (D:3)
  4 endoplasms
  A giant cockroach (D:2)
  5 hobgoblins
  A kobold (D:1)
  3 quokkas
  2 goblins
  A rat (D:1)
35 creatures vanquished.

Vanquished Creatures (collateral kills)
  3 adders (D:3)
  2 worms (D:2)
  2 bats
  5 endoplasms
  A giant cockroach (D:1)
  2 goblins
  A hobgoblin (D:4)
  2 ball pythons
  A rat (D:2)
19 creatures vanquished.

Vanquished Creatures (others)
  2 fungi (D:1)
2 creatures vanquished.

Grand Total: 56 creatures vanquished

Notes
Turn   | Place    | Note
-------+----------+-------------------------------------------
     0 | D:1      | herehavetheseflowers the Barachi Summoner began the quest
                  | for the Orb.
     0 | D:1      | Reached XP level 1. HP: 13/13 MP: 3/3
   233 | D:1      | Found a faded altar of an unknown god.
   256 | D:1      | Reached skill level 5 in Summonings
   403 | D:1      | Reached XP level 2. HP: 16/19 MP: 5/5
   408 | D:1      | Learned a level 2 spell: Call Imp
   489 | D:2      | Found Wugoi's Book Shop.
   935 | D:2      | Reached XP level 3. HP: 21/24 MP: 2/6
   941 | D:2      | Identified the +12 short sword "Spiderslayer" {vorpal,
                  | Dex+3}
   958 | D:2      | Learned a level 3 spell: Call Canine Familiar
  1100 | D:2      | Reached skill level 6 in Summonings
  1726 | D:2      | Reached XP level 4. HP: 30/30 MP: 2/7
  2206 | D:1      | Reached skill level 1 in Armour
  2332 | D:3      | Reached skill level 1 in Short Blades
  3255 | D:3      | Reached XP level 5. HP: 26/35 MP: 3/9
  3444 | D:4      | Found a staircase to the Ecumenical Temple.
  3454 | Temple   | Entered the Ecumenical Temple
  3476 | Temple   | Became a worshipper of Cheibriados the Contemplative
  3541 | D:5      | Entered Level 5 of the Dungeon
  3544 | D:5      | Noticed a water moccasin
  4011 | D:5      | Killed a water moccasin
  4012 | D:5      | Reached skill level 7 in Summonings
  4012 | D:5      | Reached XP level 6. HP: 33/41 MP: 2/11
  4155 | D:5      | Slain by an iguana

Illustrated notes

Levels and vault maps discovered:
D:1:      dpeg_arrival_water_fire, layout_basic,
          chequers_ecumenical_altar_simple_redux
D:2:      layout_loops_ring, serial_shops, nicolae_shop_window_shopping,
          minmay_heptomino_o4
D:3:      layout_basic, kennysheep_cluttered_room, minivault_23,
          hangedman_abyss_or_decor_stabs
D:4:      layout_cave_pods, minmay_temple_entry_overgrown
D:5:      layout_loops_cross, vehumet_crystals, gup_sewer_entry_glass,
          kennysheep_small_spiral
Temple:   regret_index_temple_generic_petals

Skill      XL: |  1  2  3  4  5 |
---------------+----------------+-----
Summonings     | 5 6 7 |  7.1
Armour         | 1 2 |  2.9
Short Blades   | 1 |  1.6
Spellcasting   | 3 |  3.3
Dodging        | |  2.1
Stealth        | |  1.7

Action                   |  1- 3 |  4- 6 || total
-------------------------+-------+-------++-------
Melee: Short sword       |    41 |    27 ||    68
       Unarmed           |     1 |       ||     1
       Dagger            |    23 |       ||    23
 Cast: Summon Small Mamm |    10 |     4 ||    14
       Call Imp          |    11 |     9 ||    20
       Call Canine Famil |     4 |    14 ||    18
  Use: Potion            |     1 |     2 ||     3
       Scroll            |     1 |       ||     1
 Stab: Sleeping          |       |     1 ||     1
Armor: Robe              |     1 |       ||     1
       Leather armour    |     3 |    10 ||    13
Dodge: Dodged            |    35 |    25 ||    60
